woodfighter, chaotic female elven Rogue -------- ---- |......-----..| |..>..........| |...)..------^| |..`...|(...|^| |--`.---q`..|^| |......@`.`.|^| |......|`.`.|^| ----...|....|<| ------------ woodfighter the Cutpurse Experience level: 5 Strength: 13 Dexterity: 19 Constitution: 16 Intelligence: 8 Wisdom: 11 Charisma: 8 Health: 0(36) Energy: 22(22) Def: 3 Gold: 0 Moves: 2584 Dungeon seed: W4DO1jHJAtMoAzPD Game ID: woodfighter_1511296461 Your Inventory: Weapons a - a blessed +0 elven short sword p - 10 +0 elven daggers (in quiver) B - a blessed very corroded +4 orcish dagger named Monster Slayer (weapon in hand) D - a cursed -3 long sword Armor e - an uncursed +1 leather armor (being worn) n - an uncursed +0 orcish helm q - an uncursed +0 orcish helm Comestibles i - 5 uncursed food rations j - an uncursed pear m - 4 uncursed tripe rations t - an uncursed lembas wafer u - an uncursed sprig of wolfsbane C - an uncursed lichen corpse E - an uncursed eucalyptus leaf Q - an uncursed tin of puppy meat Scrolls U - a blessed scroll of earth V - an uncursed scroll of earth Rings w - an uncursed ring of invisibility T - an uncursed ring of regeneration Wands h - a wand of opening (0:3) A - a wand of cancellation (0:7) Tools b - an uncursed stethoscope g - an uncursed blindfold s - an uncursed sack y - an uncursed lock pick Contents of the sack: 458 gold pieces a [uncursed] scroll of create monster a [uncursed] scroll of destroy armor a [uncursed] scroll of enchant armor a [uncursed] scroll of enchant weapon a [cursed] scroll of enchant weapon a [blessed] scroll of gold detection a [cursed] scroll of identify a [uncursed] scroll of scare monster a [uncursed] scroll of water a [uncursed] spellbook of knock a [uncursed] spellbook of slow monster a [uncursed] potion of extra healing 2 [uncursed] potions of hallucination a [blessed] potion of hallucination a [cursed] potion of levitation a [uncursed] potion of paralysis a [uncursed] potion of restore ability an uncursed potion of sickness a [uncursed] potion of speed Spells and supernatural/magical abilities: Name Level Category Fail Memory W - pray for help -- divine ? -- Your skills at the end: Miscellaneous Skills wands [Basic] Weapon Skills dagger [Basic] short sword [Basic] Spellcasting Skills Final Attributes: You were piously aligned. You were sleep resistant. You were poison resistant. You had infravision. You were somewhat stealthy. You are dead. Vanquished creatures: 2 housecats a dust vortex a bugbear a shrieker a black naga hatchling a puppy a kitten a homunculus a kobold lord 2 iguanas a jitterbug 3 coyotes 2 acid blobs 2 geckos 3 hobgoblins a green mold 10 garter snakes a gnome zombie 2 jackals 2 foxes 3 kobolds 6 newts 3 sewer rats 5 grid bugs 2 lichens a kobold zombie 59 creatures vanquished. Voluntary challenges: You did not adorn yourself with jewelry or accessories. You did not cause conflict. You were not invisible. You did not have reflection. You were not displaced. You had been an atheist until turn 2325. You used a wielded weapon 81 times, starting on turn 78. You did not apply a unicorn horn. You did not use plumbed fixtures. You did not drink any magical draughts. You were illiterate. You never genocided any monsters. You never polymorphed an object. You never changed form. You used no wishes. You never split a pudding. You never wrote Elbereth's name. You never violated your personal moral code. Dungeon overview: The Dungeons of Doom: levels 1 to 7 Level 1 some fountains a long staircase Level 2 some fountains a long staircase Level 3 a fountain Level 4 Level 5 many fountains Level 6 a fountain, a throne stairs to Sokoban Level 7 Sokoban: Level 5 <- You were here a magic chest stairs to The Dungeons of Doom History has recorded: On T:1 you entered the Dungeons of Doom to retrieve the Amulet of Yendor! On T:304 you reached level 2 of The Dungeons of Doom. On T:490 you reached level 3 of The Dungeons of Doom. On T:632 you advanced to experience level 2. On T:797 you reached level 4 of The Dungeons of Doom. On T:1077 you advanced to experience level 3. On T:1230 you reached level 5 of The Dungeons of Doom. On T:1588 you advanced to experience level 4. On T:1783 you advanced to experience level 5. On T:1805 you reached level 6 of The Dungeons of Doom. On T:1813 you reached level 4 of Sokoban. On T:1855 you reached level 7 of The Dungeons of Doom. On T:2325 you prayed to Kos. Score breakdown: Gold: 458 ( 45 points) Experience: 5 levels ( 400 points) Exploration: 7 levels ( 180 points) Discoveries: 22 items ( 1100 points) Variety of kills: 26 monsters ( 1300 points) Major goal: (nothing yet) ( 0 points) Survival: died (score multiplied by 3) Total score: 9075 Latest messages: This hobgoblin corpse tastes terrible! You finish eating the hobgoblin corpse. You have a little trouble lifting q - an iron skull cap. With great effort you move the boulder. The boulder fills a pit. With great effort you move the boulder. You see here a crude dagger. With great effort you move the boulder. You see here a crude dagger. With great effort you move the boulder. The boulder fills a pit. You have a little trouble lifting U - a scroll labeled DAIYEN FOOELS. You have a little trouble lifting V - a scroll labeled DAIYEN FOOELS. With great effort you move the boulder. The newt bites! You kill the newt! You stab the rothe. The rothe claws you! The rothe bites! (2x) You stab the rothe. The rothe claws you! The rothe bites! (2x) You die... Final status: Goodbye woodfighter the Rogue, killed by a rothe... You died in Sokoban on dungeon level 5 with 9075 points, and 458 pieces of gold, after 2584 moves. You were level 5 with a maximum of 36 hit points when you died.